cohdb
Replays
Latest Replays
All Replays
Popular Replays
Top Player Replays
Match Explorer
How It Works
Community
CoH3 Stats
Reddit
Sign in to upload your games and track your stats! →
Sign in with Steam
Match 34143576
Unlisted
Match 34143576
Overview
Messages
Build Orders
End
Construct Infanterie Kompanie
Kettenkrad Recon Vehicle
Selects Breakthrough Battlegroup
Grenadier Squad
Selects Assault Grenadiers
MG 42 Machine Gun Team
Medical Station
Grenadier Squad
Selects Rapid Production
Construct Panzergrenadier Kompanie
251 Medium Carrier
Panzergrenadier Squad
Pioneer Squad
Support Elements
StuG III G Assault Gun
Nebelwerfer 42 Rocket Launcher Team
StuG III G Assault Gun
Selects Blitzkrieg
Selects Smoke Bombing Run
MG 42 Machine Gun Team
Construct Panzer Kompanie
Selects Mechanized Assault Group
Panzer IV Medium Tank
Side Skirts
Selects Panzer IV Command Tank Sd.Kfz. 161/1
Stoßtruppen Squad
Pak 40 Anti-tank Gun Team
Pak 40 Anti-tank Gun Team
Construct Luftwaffe Kompanie
Jäger Squad
MRH
DoubleCores
Redneck
馬格南警官
0
0
Comments
sign in to comment!
No comments posted yet!